 Dungeon Crawl Stone Soup version 0.30-a0-371-gad7725a93e (webtiles) character file.

Game seed: 9627415928070325391

53 billz999 the Trooper (level 3, 0/35 HPs)
             Began as a Gnoll Wanderer on Nov 23, 2022.
             Slain by a goblin
             ... wielding a +0 dagger
             ... led by Robin
              (3 damage)
             ... on level 2 of the Dungeon.
             The game lasted 00:02:24 (1253 turns).

billz999 the Trooper (Gnoll Wanderer)               Turns: 1253, Time: 00:02:25

Health: 0/35       AC:  2    Str: 10    XL:     3   Next: 87%
Magic:  7/7        EV: 11    Int: 12    God:
Gold:   27         SH:  0    Dex: 13    Spells: 6/7 levels left

rFire   . . .      SeeInvis .    k - +3 spear
rCold   + . .      Faith    .    (no shield)
rNeg    . . .      Spirit   .    d - +0 robe
rPois   .          Reflect  .    (no helmet)
rElec   .          Harm     .    (no cloak)
rCorr   .          Rampage  .    (no gloves)
Will    .....                    (no boots)
Stlth   +++.......               (no amulet)
HPRegen 0.25/turn                l - ring of protection from cold
MPRegen 0.10/turn                (no ring)

@: no status effects
A: fangs 1, strong nose, distributed training
a: no special abilities


You were on level 2 of the Dungeon.
You visited 1 branch of the dungeon, and saw 2 of its levels.

You collected 27 gold pieces.

Inventory:

Hand Weapons
 a - a +0 dagger
 k - a +3 spear (weapon)
Armour
 d - a +0 robe (worn)
Jewellery
 l - a ring of protection from cold (left hand)
Scrolls
 b - a scroll of teleportation
 g - a scroll of acquirement {unknown}
 j - a scroll of identify {unknown}
Potions
 c - a potion of ambrosia {unknown}
 e - 3 potions of attraction
 f - 2 potions of invisibility {unknown}
 h - a potion of brilliance {unknown}
 i - 2 potions of cancellation {unknown}
 m - 2 potions of curing {unknown}


   Skills:
 + Level 6.5 Fighting
 + Level 1.0 Short Blades
 + Level 1.0 Long Blades
 + Level 1.0 Axes
 + Level 1.0 Maces & Flails
 + Level 1.0 Polearms
 + Level 1.0 Staves
 + Level 1.0 Ranged Weapons
 + Level 1.0 Throwing
 + Level 1.0 Armour
 + Level 1.0 Dodging
 + Level 6.0 Stealth
 + Level 1.0 Shields
 + Level 1.0 Unarmed Combat
 + Level 2.9 Spellcasting
 + Level 0.7 Conjurations
 + Level 0.7 Hexes
 + Level 0.7 Summonings
 + Level 0.7 Necromancy
 + Level 3.8 Translocations
 + Level 0.7 Transmutations
 + Level 0.7 Fire Magic
 + Level 0.7 Ice Magic
 + Level 0.7 Air Magic
 + Level 0.7 Earth Magic
 + Level 0.7 Poison Magic
 + Level 2.7 Invocations
 + Level 1.0 Evocations


You had 6 spell levels left.
You knew the following spells:

 Your Spells              Type           Power      Damage    Failure   Level
a - Apportation           Tloc           20%        N/A       5%          1

Your spell library contained the following spells:

 Spells                   Type           Power      Damage    Failure   Level
 Lesser Beckoning         Tloc           20%        N/A       16%         3
 Vhi's Electric Charge    Tloc/Air       14%        N/A       28%         3


Dungeon Overview and Level Annotations

Branches:
Dungeon (2/15)

Altars:

Shops:
D:1 [

Annotations:
D:2 Robin


Innate Abilities, Weirdness & Mutations

You have very sharp teeth.
Your uncanny sense of smell can sniff out nearby items.
Your experience applies equally to all skills.


Message History

The goblin hits you with a +0 club. The goblin attacks as you move away!
The goblin hits you with a +0 club. The goblin attacks as you move away!
The goblin hits you with a +0 club.
You hit the goblin.
The goblin is moderately wounded.
The goblin barely misses you.
You hit the goblin.
You kill the goblin!
Robin roars a battlecry!
The goblin goes into a battle-frenzy!
The goblin misses you.
You hear a shout!
The goblin attacks as you move away! The goblin hits you with a +0 club.
You hear a shout!
Robin throws the goblin at you! The goblin closely misses you.
You closely miss the goblin. You bite the goblin, but do no damage.
The goblin hits you with a +0 club. The goblin misses you.
You barely miss the goblin. The goblin barely misses you. x2
You closely miss the goblin. You bite the goblin, but do no damage.
The goblin misses you.
A goblin comes into view. It is wielding a +0 dagger.
The goblin misses you.
You hit the goblin.
The goblin is heavily wounded.
Robin hits you from afar with a +0 spear.
The goblin closely misses you. The goblin hits you with a +0 club.
You hit the goblin.
You kill the goblin!
Robin throws the goblin at you! The goblin hits you with a +0 club.
* * * LOW HITPOINT WARNING * * *
The goblin barely misses you.
You barely miss the goblin. Robin misses you. The goblin closely misses you.
The goblin hits you with a +0 dagger.
* * * LOW HITPOINT WARNING * * *
The goblin closely misses you.
Robin roars a battlecry!
The goblins go into a battle-frenzy!
A hobgoblin comes into view.
The goblin hits you with a +0 dagger.
You die...

## ...# # g.## ##.#...#
## ...# #. g.. #....##
####...#### .##gg .....
........##.. ..g ....
........##.# #.# ∆
........##.####g#.###.
.......................
.........#.#.#######..#
.............#gg@g...#
......).##...gg####.....
.........###.g.# ##.
.........###(..####.
...........#.......[
.........#.......##.
########.##.>....#
#............
#.....###.##.


You could see Robin, a hobgoblin and 4 goblins.

Vanquished Creatures
  2 dart slugs (D:1)
  3 orcs (D:2)
  5 bats
  3 endoplasms (D:1)
  A giant cockroach (D:1)
  6 goblins
  4 hobgoblins
  2 jackals (D:1)
  5 ball pythons (D:1)
  2 frilled lizards
  6 kobolds (D:1)
  3 rats
42 creatures vanquished.

Notes
Turn   | Place    | Note
-------+----------+-------------------------------------------
     0 | D:1      | billz999 the Gnoll Wanderer began the quest for the Orb.
     0 | D:1      | billz999 set off with the following items: a +0 dagger, a
                  | scroll of teleportation, a potion of heal wounds, a +0
                  | robe, a potion of attraction; and the following spell
                  | memorised: Apportation; and the following spells available
                  | to memorise: Lesser Beckoning, Vhi's Electric Charge.
     0 | D:1      | Reached XP level 1. HP: 23/23 MP: 4/4
    59 | D:1      | Reached XP level 2. HP: 5/29 MP: 5/5
   463 | D:1      | Reached XP level 3. HP: 35/35 MP: 7/7
   624 | D:1      | Found Xeship's Armour Shoppe.
  1081 | D:2      | Reached skill level 1 in Short Blades
  1081 | D:2      | Reached skill level 1 in Long Blades
  1081 | D:2      | Reached skill level 1 in Axes
  1081 | D:2      | Reached skill level 1 in Maces & Flails
  1081 | D:2      | Reached skill level 1 in Polearms
  1081 | D:2      | Reached skill level 1 in Staves
  1081 | D:2      | Reached skill level 1 in Ranged Weapons
  1081 | D:2      | Reached skill level 1 in Throwing
  1081 | D:2      | Reached skill level 1 in Armour
  1081 | D:2      | Reached skill level 1 in Dodging
  1081 | D:2      | Reached skill level 1 in Shields
  1081 | D:2      | Reached skill level 1 in Unarmed Combat
  1081 | D:2      | Reached skill level 1 in Evocations
  1235 | D:2      | Noticed Robin
  1253 | D:2      | Slain by a goblin

Illustrated notes

Levels and vault maps discovered:
D:1:      ncdulo_halloftheorcs, layout_loops_ring, serial_shops, shop,
          nicolae_figureground_sparkle
D:2:      layout_basic, uniq_robin

Skill      XL: |  1  2  3 |
---------------+----------+-----
Stealth        | 6 |  6.0
Short Blades   | 1 |  1.0
Long Blades    | 1 |  1.0
Axes           | 1 |  1.0
Maces & Flails | 1 |  1.0
Polearms       | 1 |  1.0
Staves         | 1 |  1.0
Ranged Weapons | 1 |  1.0
Throwing       | 1 |  1.0
Armour         | 1 |  1.0
Dodging        | 1 |  1.0
Shields        | 1 |  1.0
Unarmed Combat | 1 |  1.0
Evocations     | 1 |  1.0
Fighting       | |  6.5
Spellcasting   | |  2.9
Conjurations   | |  0.7
Hexes          | |  0.7
Summonings     | |  0.7
Necromancy     | |  0.7
Translocations | |  3.8
Transmutations | |  0.7
Fire Magic     | |  0.7
Ice Magic      | |  0.7
Air Magic      | |  0.7
Earth Magic    | |  0.7
Poison Magic   | |  0.7
Invocations    | |  2.7

Action                   || total
-------------------------++-------
Melee: Dagger            ||   129
       Bite              ||    11
       Spear             ||    24
  Use: Potion            ||     1
 Stab: Sleeping          ||     8
       Distracted        ||     1
Armor: Robe              ||    29
Dodge: Dodged            ||    82

Table legend: (Time is in decaauts)
 A = Elapsed time spent in this place.
 B = Non-inter-level travel time spent in this place.
 C = Inter-level travel time spent in this place.
 D = Time resting spent in this place.
 E = Time spent auto-exploring this place.
 F = Levels seen in this place.
 G = Mean time per level.
                   A        B        C        D        E       F      G
               +--------+--------+--------+--------+--------+-----+--------+
         Total |   1250 |   1180 |     70 |    189 |    650 |   2 |  625.0 |
       Dungeon |   1250 |   1180 |     70 |    189 |    650 |   2 |  625.0 |
               +--------+--------+--------+--------+--------+-----+--------+

Top non-repeatable levels by time:
     D:1: 993 daAuts
     D:2: 256 daAuts
